 Dungeon Crawl Stone Soup version 0.30.1-11-g7821555f0a (webtiles) character file.

Game seed: 16530920484873798122

1635 Ivernyr the Shield-Bearer (level 9, -2/69 HPs)
             Began as a Formicid Fighter on Dec 7, 2023.
             Succumbed to a gnoll sergeant's poison
             ... on level 6 of the Dungeon.
             The game lasted 00:08:49 (5661 turns).

Ivernyr the Shield-Bearer (Formicid Fighter)        Turns: 5661, Time: 00:08:49

Health: -2/69      AC: 10    Str: 25    XL:     9   Next: 18%
Magic:  9/9        EV:  9    Int:  8    God:
Gold:   275        SH: 11    Dex: 13    Spells: 8/8 levels left

rFire   . . .        a - +0 quarterstaff
rCold   . . .        c - +0 buckler
rNeg    . . .        b - +0 scale mail
rPois   .            (helmet unavailable)
rElec   .            (no cloak)
rCorr   .            w - +0 pair of gloves
SInv    +            x - +0 pair of boots
Will    +....        C - amulet of reflection Stlth
                     B - ring of willpower
HPRegen 0.31/turn    (no ring)
MPRegen 0.11/turn

%: reflection
@: mighty, brilliant, lethally poisoned (-2 -> -37), weakened
A: permanent stasis, dig shafts and tunnels, antennae 3, four strong arms
a: Dig, Shaft Self


You were on level 6 of the Dungeon.
You visited 1 branch of the dungeon, and saw 6 of its levels.

You collected 275 gold pieces.

Inventory:

Hand Weapons
 a - a +0 quarterstaff (weapon)
Armour
 b - a +0 scale mail (worn)
 c - a +0 buckler (worn)
 w - a +0 pair of gloves (worn)
 x - a +0 pair of boots (worn)
Jewellery
 B - a ring of willpower (left hand)
 C - an amulet of reflection (around neck)
Wands
 s - a wand of charming (3)
Scrolls
 e - a scroll of torment {unknown}
 f - a scroll of blinking {unknown}
 g - a scroll of enchant weapon {unknown}
 h - 2 scrolls of amnesia {unknown}
 j - a scroll of summoning {unknown}
 l - a scroll of fear {unknown}
 p - a scroll of acquirement {unknown}
 q - 3 scrolls of teleportation {unknown}
 r - 7 scrolls of identify {unknown}
 t - 2 scrolls of fog {unknown}
Potions
 k - a potion of brilliance
 m - a potion of ambrosia {unknown}
 n - 2 potions of curing {unknown}
 o - a potion of lignification {unknown}
 u - 2 potions of haste {unknown}
 v - a potion of mutation {unknown}
 z - a potion of cancellation {unknown}
 A - a potion of flight {unknown}


   Skills:
 + Level 6.3 Fighting
 * Level 7.2 Staves
 + Level 6.4 Armour
 + Level 7.5 Shields


You had 8 spell levels left.
You didn't know any spells.
Your spell library contained the following spells:

 Spells                   Type           Power      Damage    Failure   Level
 Beastly Appendage        Tmut           0%         N/A       73%         1
 Cigotuvi's Dreadful Rot  Necr/Pois/Air  0%         N/A       86%         2
 Wereblood                Tmut           0%         N/A       86%         2
 Spider Form              Tmut/Pois      0%         N/A       97%         3
 Dispel Undead            Necr           0%         3d6       100%        4
 Death Channel            Necr           0%         N/A       100%        6


Dungeon Overview and Level Annotations

Branches:
Dungeon (6/15)
 Temple: D:4-7

Altars:
Ashenzari
Makhleb
Okawaru
Qazlal
Vehumet

Annotations:
D:6 1 transporter, ripuliukko's ghost, amateur GrEE


Innate Abilities, Weirdness & Mutations

You cannot be hasted, slowed, berserked, paralysed or teleported.
You can dig through walls and to a lower floor.
You have a pair of large antennae on your head. (SInv)
Your four strong arms can wield two-handed weapons with a shield.


Message History

The gnoll sergeant hits you from afar with a +8 trident of venom!
* * * LOW HITPOINT WARNING * * *
You are more poisoned.
You block the gnoll sergeant's attack.
You feel much better.
You feel extremely sick.
The gnoll sergeant hits you from afar with a +1 trident of venom!
The gnoll sergeant hits you from afar with a +8 trident of venom.
* * * LOW HITPOINT WARNING * * *
You are more poisoned.
The gnoll sergeant barely misses you.
You thump the gnoll sergeant!
You kill the gnoll sergeant!
Your attacks no longer feel as feeble.
* * * LOW HITPOINT WARNING * * *
You feel extremely sick.
The gnoll is no longer moving quickly.
You block the gnoll sergeant's attack.
The gnoll bouda gazes fiercely through you!
You feel your attacks grow feeble. You block the gnoll sergeant's attack.
It was a potion of brilliance.
You feel clever all of a sudden.
* * * LOW HITPOINT WARNING * * *
You feel extremely sick. You block the gnoll sergeant's attack.
The gnoll sergeant closely misses you.
You feel much better.
* * * LOW HITPOINT WARNING * * *
You feel extremely sick. You block the gnoll sergeant's attack.
The gnoll sergeant hits you from afar with a +8 trident of venom.
* * * LOW HITPOINT WARNING * * *
You are more poisoned.
* * * LOW HITPOINT WARNING * * *
You feel extremely sick.
The gnoll bouda barks out a call to the hunt!
The gnolls pick up the pace!
The gnoll sergeant hits you from afar with a +1 trident of venom!
* * * LOW HITPOINT WARNING * * *
You are more poisoned.
You die...

##.# #..# #####..#
#..###########.####### ##.#
#....................## #.#
#..≈≈≈≈≈≈≈≈~≈≈≈≈≈≈≈≈..###.####
#..≈≈≈≈≈≈≈≈~≈≈≈≈≈≈≈≈..........
#..≈≈####.....####≈≈..........
#..≈≈#..#8###8#..#≈≈..........
#..≈≈##.###.###.##≈≈..........
#..≈≈#.......@...#≈≈..........
#..≈≈###.##'##.###≈≈..........
#..≈≈..#.#.$.#.#..≈≈..........
#..≈≈.##.#...#g##.≈≈..........
#..≈≈.#..#.:.#g©#.≈≈..........
##.≈≈.##.#####g##.≈≈.#########
#.....#.#8⌠8#g#..≈≈..........
#....©#.'g©{gg#©.~~.#########
#.....#.#...#.#..≈≈..........


You could see 2 gnoll sergeants, a gnoll bouda and 2 gnolls.

Vanquished Creatures
  Grinder (D:4)
  2 ogres
  A sky beast (D:4)
  A centaur (D:6)
  A kobold brigand (D:6)
  A gnoll sergeant (D:6)
  5 scorpions (D:5)
  3 hounds
  A gnoll bouda (D:6)
  An orc priest (D:5)
  3 jellies
  2 sleepcaps (D:5)
  Ijyb (D:3)
  3 iguanas
  2 orc wizards
  7 gnolls
  6 adders
  A shadow imp (D:6)
  An ufetubus (D:6)
  A worm (D:5)
  3 dart slugs
  18 orcs
  4 bats
  10 endoplasms
  3 giant cockroaches
  4 goblins
  6 hobgoblins
  5 jackals
  8 kobolds
  3 quokkas
  10 ball pythons
  2 frilled lizards (D:1)
  5 rats
125 creatures vanquished.

Notes
Turn   | Place    | Note
-------+----------+-------------------------------------------
     0 | D:1      | Ivernyr the Formicid Fighter began the quest for the Orb.
     0 | D:1      | Reached XP level 1. HP: 18/18 MP: 1/1
    75 | D:1      | Reached XP level 2. HP: 24/24 MP: 2/2
   286 | D:1      | You fall into a shaft and drop 1 floor!
   338 | D:2      | Reached XP level 3. HP: 29/29 MP: 3/3
   674 | D:2      | Found a burning altar of Makhleb.
   772 | D:2      | Reached XP level 4. HP: 37/37 MP: 4/4
  1567 | D:3      | Found a broken altar of Ashenzari.
  1567 | D:3      | Noticed Ijyb
  1589 | D:3      | Killed Ijyb
  1645 | D:3      | Found a radiant altar of Vehumet.
  1650 | D:3      | Reached XP level 5. HP: 37/42 MP: 5/5
  2412 | D:4      | Reached skill level 5 in Shields
  2470 | D:4      | Noticed a sky beast
  2482 | D:4      | Killed a sky beast
  2483 | D:4      | Reached XP level 6. HP: 34/49 MP: 6/6
  3048 | D:4      | Found a stormy altar of Qazlal.
  3167 | D:4      | Noticed Grinder
  3184 | D:4      | Killed Grinder
  3185 | D:4      | Reached skill level 5 in Staves
  3185 | D:4      | Reached XP level 7. HP: 36/55 MP: 7/7
  3468 | D:5      | Entered Level 5 of the Dungeon
  3481 | D:5      | Reached skill level 5 in Fighting
  3481 | D:5      | Reached skill level 5 in Armour
  3618 | D:5      | Reached XP level 8. HP: 51/62 MP: 8/8
  5105 | D:6      | Reached XP level 9. HP: 69/69 MP: 9/9
  5161 | D:6      | Found an iron altar of Okawaru.
  5377 | D:6      | Found a transporter.
  5459 | D:6      | Found a transporter.
  5464 | D:6      | Noticed ripuliukko's ghost (amateur GrEE)
  5658 | D:6      | HP: 3/69 [poisoned by a gnoll sergeant]
  5661 | D:6      | Succumbed to a gnoll sergeant's poison

Illustrated notes

Levels and vault maps discovered:
D:1:      dpeg_arrival_simpleton_c, layout_loops_corners, minmay_tromino_v7
D:2:      layout_loops_ring, basic_altar, amcnicky_mini_corridor_feature
D:3:      layout_basic, mainiacjoe_overflow_surrounded_room,
          nicolae_ashenzari_skybound, uniq_ijyb
D:4:      layout_loops_ring, mainiacjoe_overflow_cross_hatched, grunt_decor_cap,
          uniq_grinder
D:5:      layout_loops_ring
D:6:      layout_basic, mainiacjoe_overflow_chevrons,
          gammafunk_ghost_gnarly_gnolls

Skill      XL: |  1  2  3  4  5  6  7  8  9 |
---------------+----------------------------+-----
Staves         | 3 4 5 6 7 |  7.2
Fighting       | 4 5 6 |  6.3
Armour         | 4 5 6 |  6.4
Shields        | 5 6 7 |  7.5

Action                     |  1- 3 |  4- 6 |  7- 9 || total
---------------------------+-------+-------+-------++-------
  Melee: Quarterstaff      |    68 |   164 |   210 ||   442
    Use: Potion            |       |       |     5 ||     5
 Armour: Scale mail        |    29 |    61 |    84 ||   174
  Dodge: Dodged            |    28 |    61 |    80 ||   169
  Block: Buckler           |    24 |    35 |    70 ||   129
